 Dungeon Crawl Stone Soup version 0.21.1-1-g345015f (webtiles) character file.

5101 Glalom the Cleaver (level 10, -1/92 HPs)
             Began as a Deep Dwarf Fighter on July 21, 2018.
             Was a Follower of Makhleb.
             Slain by tester123's ghost (15 damage)
             ... on level 8 of the Dungeon on July 26, 2018.
             The game lasted 00:20:59 (5822 turns).

Glalom the Cleaver (Deep Dwarf Fighter)             Turns: 5822, Time: 00:21:00

Health: -1/92      AC: 13    Str: 19    XL:     10   Next: 32%
Magic:  6/6        EV:  8    Int: 10    God:    Makhleb [*.....]
Gold:   208        SH: 11    Dex: 12    Spells: 9/9 levels left

rFire    . . .     SeeInvis +   G - +3 war axe of Miphe {chop, rPois} (curse)
rCold    + . .     Gourm    +   c - +0 shield
rNeg     . . .     Faith    .   b - +0 scale mail
rPois    +         Spirit   .   B - +2 hat
rElec    .         Reflect  .   (no cloak)
rCorr    .         Harm     .   j - +0 pair of gloves
MR       +....                  H - +1 pair of boots
Stlth    ..........             J - amulet of the gourmand
HPRegen  0.00/turn              x - +3 ring of strength
MPRegen  0.10/turn              A - ring "Rebrioj" {rPois rC+ Str-3 Dex-3 SInv}

@: non-regenerating
A: damage resistance, heal wounds, sense surroundings 2, no regeneration
a: Heal Wounds, Renounce Religion


You were on level 8 of the Dungeon.
You worshipped Makhleb.
Makhleb was aware of your devotion.
You were not hungry.

You visited 2 branches of the dungeon, and saw 9 of its levels.

You collected 471 gold pieces.
You spent 263 gold pieces at shops.

Inventory:

Hand Weapons
 a - a +1 war axe
 G - the cursed +3 war axe of Miphe (weapon) {chop, rPois}
   (You bought it in a shop on level 5 of the Dungeon)

   It inflicts extra damage upon your enemies.
   It protects you from poison.
   It has a curse placed upon it.
Armour
 b - a +0 scale mail (worn)
 c - a +0 shield (worn)
 j - a +0 pair of gloves (worn)
 z - a +0 pair of boots
 B - a +2 hat (worn)
 H - a +1 pair of boots (worn)
Jewellery
 x - a +3 ring of strength (left hand)
 y - an uncursed ring of teleportation
 A - the ring "Rebrioj" (right hand) {rPois rC+ Str-3 Dex-3 SInv}
   (You found it on level 4 of the Dungeon)

   [ring of protection from cold]

   It affects your strength (-3).
   It affects your dexterity (-3).
   It protects you from cold.
   It protects you from poison.
   It lets you see invisible.
 J - an amulet of the gourmand (around neck)
Wands
 C - a wand of paralysis (23)
 I - a wand of enslavement (6)
 O - a wand of digging (14)
Scrolls
 g - 3 scrolls of teleportation {unknown}
 h - a scroll of immolation {unknown}
 k - 2 scrolls of blinking {unknown}
 p - a scroll of enchant weapon
 q - a scroll of remove curse
 u - a scroll of fear {unknown}
 v - 2 scrolls of amnesia {unknown}
 w - a scroll of fog
 E - a scroll of enchant armour {unknown}
 L - a scroll of magic mapping {unknown}
 M - a scroll of holy word {unknown}
 N - 3 scrolls of identify
Potions
 d - a potion of might
 e - a potion of flight {unknown}
 i - 3 potions of curing {unknown}
 l - 2 potions of mutation {unknown}
 m - 2 potions of ambrosia {unknown}
 n - 3 potions of degeneration {unknown}
 o - 2 potions of brilliance {unknown}
 r - 3 potions of agility {unknown}
 t - 3 potions of haste {unknown}
 D - 2 potions of heal wounds {unknown}
 F - a potion of resistance
Books
 s - a book of Misfortune

   Spells                             Type                      Level
   a - Confusing Touch                Hexes                        1
   b - Confuse                        Hexes                        3
   c - Gell's Gravitas                Translocation                3
   d - Petrify                        Transmutation/Earth          4
   e - Metabolic Englaciation         Hexes/Ice                    5
   f - Yara's Violent Unravelling     Hexes/Transmutation          5
 K - a book of Clouds

   Spells                             Type                      Level
   a - Poisonous Vapours              Poison/Air                   2
   b - Mephitic Cloud                 Conjuration/Poison/Air       3
   c - Conjure Flame                  Conjuration/Fire             3
   d - Freezing Cloud                 Conjuration/Ice/Air          6
   e - Ring of Flames                 Charms/Fire                  7
Comestibles
 f - 14 rations


   Skills:
 + Level 6.4 Fighting
 * Level 11.7 Axes
 + Level 7.7 Armour
 + Level 7.7 Shields


You had 9 spell levels left.
You didn't know any spells.

Dungeon Overview and Level Annotations

Branches:
Dungeon (8/15)             Temple (1/1) D:5
   Lair: D:8-11

Altars:
Cheibriados
Hepliaklqana
Makhleb
Nemelex Xobeh
Okawaru
Qazlal
Ru
Sif Muna
Trog
Vehumet
Xom
Yredelemnul
Zin
The Shining One

Shops:
D:5 (*   D:7 =   D:8 }

Annotations:
D:3 Tiamon's ghost, amateur DrFE
D:8 tester123's ghost, novice MfGl


Innate Abilities, Weirdness & Mutations

You are resistant to damage.
You can heal yourself by infusing magical energy.
You passively map the area around you.
You do not regenerate.


Message History

You completely miss tester123's ghost. Tester123's ghost hits you!!
* * * LOW HITPOINT WARNING * * *
You closely miss tester123's ghost. You block tester123's ghost's attack.
You completely miss tester123's ghost.
Tester123's ghost whispers, "Trust me.
Just give in."
Tester123's ghost hits you!
* * * LOW HITPOINT WARNING * * *
Your magical essence is drained by the effort!
You feel much better. Tester123's ghost hits you!
* * * LOW HITPOINT WARNING * * *
You miss tester123's ghost.
Tester123's ghost hits you but does no damage.
You barely miss tester123's ghost.
Tester123's ghost says, "Your head would complement my pike nicely."
Tester123's ghost hits you!
* * * LOW HITPOINT WARNING * * *
You hit tester123's ghost.
Tester123's ghost is lightly damaged.
Tester123's ghost hits you!
You die...

##............<...##<......#
##.#.(........W...##.......#
...#..............######.###
.####............## #..# .#
#...........## ##.# .#
#.####...#### #.# .# #.*
#...# ###>#### .####.#
#...##########......#
......#
#.#....@W...........#
.######
#.############......# ..#
#.## #......# #.########..##
######## #............#
......###....#
#####........# #####....#
######


You could see tester123's ghost.

Vanquished Creatures
  A two-headed ogre (D:8)
  An unseen horror (D:6)
  The ghost of poxu the Archer, a novice CeAM of Elyvilon (D:6)
  The ghost of wojtek the Cleaver, a novice MiFi of Makhleb (D:5)
  Grinder (D:4)
  A water moccasin (D:5)
  2 sky beasts
  2 orc warriors (D:6)
  An eye of draining (D:8)
  2 phantoms
  An ice beast (D:5)
  A necrophage (D:8)
  3 ogres
  A centaur (D:6)
  4 bullfrogs
  A scorpion (D:6)
  3 killer bees (D:7)
  A howler monkey (D:4)
  3 crimson imps
  9 hounds
  2 bullfrog zombies (D:5)
  A centaur skeleton (D:7)
  3 jellies
  2 orc wizards
  5 orc priests
  A bullfrog skeleton (D:6)
  3 iguanas
  4 worker ants
  A hound skeleton (D:7)
  A worker ant zombie (D:3)
  10 gnolls
  14 adders
  A howler monkey skeleton (D:7)
  2 shadow imps
  3 oozes
  2 adder skeletons
  4 worms (D:2)
  2 dart slugs (D:2)
  7 leopard geckos
  23 orcs
  6 giant cockroaches
  5 goblins
  4 hobgoblins (D:1)
  3 jackals (D:2)
  A quokka (D:7)
  4 ball pythons
  8 bats
  8 frilled lizards
  5 kobolds
  A leopard gecko zombie (D:5)
  6 rats
182 creatures vanquished.

Notes
Turn   | Place    | Note
-------+----------+-------------------------------------------
     0 | D:1      | Glalom the Deep Dwarf Fighter began the quest for the Orb.
     0 | D:1      | Reached XP level 1. HP: 20/20 MP: 1/1
   164 | D:1      | Reached skill level 3 in Axes
   164 | D:1      | Reached XP level 2. HP: 22/27 MP: 2/2
   699 | D:2      | Reached skill level 4 in Axes
   699 | D:2      | Reached XP level 3. HP: 24/33 MP: 3/3
  1017 | D:2      | Reached XP level 4. HP: 13/40 MP: 4/4
  1037 | D:2      | Reached skill level 5 in Axes
  1190 | D:2      | Reached XP level 5. HP: 30/46 MP: 5/5
  1218 | D:2      | You fall through a shaft!
  1218 | D:3      | Found a sacrificial altar of Ru.
  1300 | D:3      | Reached skill level 6 in Axes
  1329 | D:3      | Found a shimmering altar of Xom.
  1330 | D:3      | Found a hazy altar of Hepliaklqana.
  1331 | D:3      | Noticed a spectral ugly thing
  1373 | D:3      | Noticed Tiamon's ghost (amateur DrFE)
  2056 | D:3      | Reached XP level 6. HP: 28/55 MP: 6/6
  2067 | D:3      | Found an iron altar of Okawaru.
  2287 | D:4      | Reached skill level 7 in Axes
  2326 | D:4      | Got a crude jade ring
  2327 | D:4      | Identified the ring "Rebrioj" {rPois rC+ Str-3 Dex-3 SInv} (You found it on level 4 of the Dungeon)
  2428 | D:4      | Reached XP level 7. HP: 15/62 MP: 6/6
  2455 | D:4      | Found a snail-covered altar of Cheibriados.
  2491 | D:4      | Noticed Grinder
  2569 | D:4      | Paralysed by Grinder for 2 turns
  2597 | D:4      | Killed Grinder
  2597 | D:4      | Reached skill level 8 in Axes
  2871 | D:5      | Entered Level 5 of the Dungeon
  2909 | D:5      | Noticed wojtek's ghost (novice MiFi)
  2940 | D:5      | Killed wojtek's ghost
  2940 | D:5      | Reached skill level 5 in Armour
  2940 | D:5      | Reached skill level 5 in Shields
  2940 | D:5      | Reached XP level 8. HP: 18/72 MP: 6/6
  3029 | D:5      | Found a sparkling altar of Nemelex Xobeh.
  3037 | D:5      | Found a glowing golden altar of the Shining One.
  3139 | D:5      | Reached skill level 9 in Axes
  3273 | D:5      | Found Jaboupemm's Antique Weapon Shop.
  3343 | D:5      | Found Ungoixun's Serpentskin Sales.
  3518 | D:5      | Found a staircase to the Ecumenical Temple.
  3531 | Temple   | Entered the Ecumenical Temple
  3538 | Temple   | Became a worshipper of Makhleb the Destroyer
  3588 | D:5      | Found Jaboupemm's Antique Weapon Shop.
  3596 | D:5      | Bought an iridescent war axe for 263 gold pieces
  3597 | D:5      | Identified the cursed +3 war axe of Miphe {chop, rPois} (You bought it in a shop on level 5 of the Dungeon)
  3630 | D:5      | Found a sparkling altar of Nemelex Xobeh.
  3630 | D:5      | Found a glowing golden altar of the Shining One.
  3899 | D:5      | Found Ungoixun's Serpentskin Sales.
  3937 | D:6      | Noticed an unseen horror
  3954 | D:6      | Killed an unseen horror
  3954 | D:6      | Reached skill level 5 in Fighting
  3954 | D:6      | Reached skill level 10 in Axes
  3954 | D:6      | Gained mutation: You passively map the area around you. [Deep Dwarf growth]
  3954 | D:6      | Reached XP level 9. HP: 23/81 MP: 7/7
  4058 | D:6      | Noticed poxu's ghost (novice CeAM)
  4068 | D:6      | Killed poxu's ghost
  4379 | D:6      | Reached * piety under Makhleb
  4510 | D:7      | Found Woarod's Jewellery Shoppe.
  4520 | D:7      | Reached skill level 11 in Axes
  5030 | D:7      | Reached XP level 10. HP: 38/91 MP: 7/7
  5402 | D:8      | Found Epiroc's Gadget Boutique.
  5471 | D:8      | Reached ** piety under Makhleb
  5677 | D:8      | Noticed a two-headed ogre
  5687 | D:8      | Killed a two-headed ogre
  5699 | D:8      | Noticed tester123's ghost (novice MfGl)
  5822 | D:8      | Slain by tester123's ghost

Skill      XL: |  1  2  3  4  5  6  7  8  9 |
---------------+----------------------------+-----
Axes           | 3 4 5 6 7 8 10 11 | 11.7
Fighting       | 3 4 5 6 |  6.4
Armour         | 5 6 7 |  7.7
Shields        | 5 6 7 |  7.7

Action                   |  1- 3 |  4- 6 |  7- 9 | 10-12 || total
-------------------------+-------+-------+-------+-------++-------
Melee: War axe           |    86 |   217 |   332 |    66 ||   701
 Abil: Heal Wounds       |     1 |     4 |    13 |     3 ||    21
  Use: Scroll            |       |     2 |     4 |       ||     6
  Eat: Chunk             |       |     5 |    19 |       ||    24
Armor: Scale mail        |    27 |    79 |   165 |    19 ||   290
Dodge: Dodged            |    30 |    54 |    79 |    11 ||   174
Block: Shield            |    51 |   106 |   177 |    24 ||   358
